 Dungeon Crawl Stone Soup version 0.19.1 (webtiles) character file.

3762 JDB the Basher (level 9, -1/80 (81) HPs)
             Began as a Minotaur Berserker on Dec 26, 2016.
             Was an Elder of Trog.
             Slain by a troll (3 damage)
             ... on level 9 of the Dungeon.
             The game lasted 00:42:08 (8110 turns).

JDB the Basher (Minotaur Berserker)                 Turns: 8110, Time: 00:42:08

HP:   -1/80 (81)    AC:  9    Str: 24    XL:     9   Next: 94%
MP:   8/8           EV:  8    Int:  5    God:    Trog [****..]
Gold: 49            SH:  0    Dex: 10    Spells: 0 memorised, 8 levels left

rFire  . . .     SeeInvis .     U - +4 quarterstaff (chaos)
rCold  . . .     Gourm    .     E - +0 chain mail
rNeg   . . .     Faith    .     (shield currently unavailable)
rPois  .         Spirit   .     (helmet restricted)
rElec  .         Reflect  .     V - +0 cloak
rCorr  .         Harm     .     (no gloves)
MR     .....                    (no boots)
Stlth  ..........               (no amulet)
                                (no ring)
                                (no ring)

@: no status effects
A: retaliatory headbutt, horns 2
a: Berserk, Trog's Hand, Brothers in Arms, Burn Spellbooks, Renounce Religion


You were on level 9 of the Dungeon.
You worshipped Trog.
Trog was greatly pleased with you.
You were hungry.

You visited 1 branch of the dungeon, and saw 10 of its levels.

You collected 216 gold pieces.
You spent 167 gold pieces at shops.

Inventory:

Hand Weapons
 a - a +1 dagger of speed
 b - a +0 flail
 h - a +1 flail
 t - a +3 trident
 w - a +0 whip of holy wrath
 x - a +0 blowgun
 z - a +0 spear of freezing
 H - a +0 war axe
 O - a +2 dagger of speed
 U - a +4 quarterstaff of chaos (weapon)
 Z - a +0 shortbow
Missiles
 d - 30 bolts
 e - 6 tomahawks of returning (quivered)
 f - 97 sling bullets
 k - 201 stones
 y - 48 poisoned needles
 A - 7 tomahawks
 B - 2 throwing nets
 R - 41 arrows
Armour
 E - a +0 chain mail (worn)
 I - a +2 robe of positive energy
 V - a +0 cloak (worn)
Magical Staves
 M - an uncursed staff of cold {unknown}
Jewellery
 g - an uncursed ring of fire {unknown}
 S - a cursed -3 ring of dexterity {unknown}
Scrolls
 s - a scroll of remove curse
 N - 3 scrolls of identify
Potions
 l - a potion of magic {unknown}
 m - a potion of degeneration {unknown}
 n - 2 potions of flight
 o - a potion of heal wounds
 p - a potion of ambrosia {unknown}
 q - 4 potions of curing {unknown}
 r - 2 potions of haste {unknown}
 v - a potion of might {unknown}
 F - 3 potions of brilliance {unknown}
 G - a potion of cancellation {unknown}
Comestibles
 c - 3 bread rations
 i - 8 chunks of flesh
 D - a meat ration


   Skills:
 + Level 8.0 Fighting
 - Level 12.0(13.3) Maces & Flails
 * Level 10.0(12.4) Staves
 - Level 2.4 Armour
 - Level 2.1 Dodging


You had 8 spell levels left.
You didn't know any spells.

Dungeon Overview and Level Annotations

Branches:
Dungeon (10/15)
 Temple: D:4-7         Lair: D:8-11         Orc: D:9-12

Altars:
Qazlal
Xom
Yredelemnul
Zin

Shops:
D:7 %**[   D:8 (}*


Innate Abilities, Weirdness & Mutations

You reflexively headbutt those who attack you in melee.
You have a pair of horns on your head.


Message History

You headbutt the bullfrog zombie, but do no damage.
The bullfrog zombie is almost destroyed.
The bullfrog zombie hits you but does no damage.
Something bites you! Something claws you but does no damage.
Something claws you!
* * * LOW HITPOINT WARNING * * *
You sock the bullfrog zombie!
You destroy the bullfrog zombie!
Trog accepts your kill.
You can't go down here!
Something bites you.
* * * LOW HITPOINT WARNING * * *
Something claws you!
* * * LOW HITPOINT WARNING * * *
Something claws you.
* * * LOW HITPOINT WARNING * * *
You climb upwards.
There is a stone staircase leading down, spattered with blood here.
You start resting.
Something bites you.
You die...

#....# #.# #....# #.#
....#### #.# .......#
#.#####.###.##
#<#...........
#.#.###.##..#.
#####.#.#.........
#@................
#.###.#.#.#.#.#.#)
#.# #.#...#.#.#.#.
#.###.#<....#.#.#.
#.....#.......#...
#######.#...#.#...
#.###.#.###.
##########...........
#........#.###.#.#.##


There were no monsters in sight!

Vanquished Creatures
  A troll (D:9)
  Sigmund (D:5)
  A wraith (D:7)
  Eustachio (D:4)
  Duvessa (D:4)
  Menkaure (D:5)
  A water moccasin (D:8)
  3 ice beasts
  A black bear (D:7)
  An ogre (D:4)
  A phantom (D:4)
  A centaur (D:6)
  A necrophage (D:5)
  A big kobold (D:9)
  Blork the orc (D:4)
  3 bullfrogs
  Dowan (D:4)
  4 scorpions
  A troll zombie (D:7)
  6 killer bees (D:7)
  A wight (D:7)
  A howler monkey (D:5)
  2 crimson imps (D:5)
  A centaur zombie (D:5)
  2 bullfrog zombies
  5 orc wizards
  4 human zombies (D:7)
  2 orc priests
  Crazy Yiuf (D:5)
  2 hounds
  Ijyb (D:2)
  A bullfrog skeleton (D:4)
  A human skeleton (D:7)
  2 iguanas
  4 worker ants
  An ogre zombie (D:7)
  A hound zombie (D:6)
  2 mummies (D:7)
  4 gnolls (D:6)
  10 adders
  3 shadow imps
  An ooze (D:5)
  An adder skeleton (D:7)
  4 worms
  4 dart slugs
  2 leopard geckos
  22 orcs
  A bat (D:2)
  6 giant cockroaches
  3 hobgoblins
  7 jackals
  4 quokkas
  A ball python (D:1)
  A frilled lizard (D:4)
  3 goblins (D:3)
  9 kobolds
  An orc zombie (D:7)
  6 rats
159 creatures vanquished.

Vanquished Creatures (others)
  A leopard gecko skeleton (D:5)
1 creature vanquished.

Grand Total: 160 creatures vanquished

Notes
Turn   | Place    | Note
-------+----------+-------------------------------------------
     0 | D:1      | JDB the Minotaur Berserker began the quest for the Orb.
     0 | D:1      | Reached XP level 1. HP: 19/19 MP: 0/0
   152 | D:1      | Reached skill level 4 in Maces & Flails
   220 | D:2      | Reached XP level 2. HP: 26/26 MP: 1/1
   299 | D:2      | Noticed Ijyb
   309 | D:2      | Killed Ijyb
   309 | D:2      | Reached skill level 5 in Maces & Flails
   309 | D:2      | Reached XP level 3. HP: 25/31 MP: 2/2
  1260 | D:3      | Reached XP level 4. HP: 37/39 MP: 3/3
  1267 | D:3      | Reached skill level 6 in Maces & Flails
  1277 | D:3      | Reached ** piety under Trog
  2193 | D:4      | Reached XP level 5. HP: 33/45 MP: 4/4
  2269 | D:4      | Reached skill level 7 in Maces & Flails
  2469 | D:4      | Noticed an ogre
  2476 | D:4      | Killed an ogre
  2476 | D:4      | Reached skill level 8 in Maces & Flails
  2836 | D:4      | Noticed a phantom
  2897 | D:4      | Killed a phantom
  2897 | D:4      | Reached XP level 6. HP: 20/51 MP: 5/5
  2951 | D:4      | Noticed Duvessa
  2953 | D:4      | Noticed Blork the orc
  2957 | D:4      | Killed Duvessa
  2957 | D:4      | Reached skill level 9 in Maces & Flails
  2960 | D:4      | Killed Blork the orc
  2960 | D:4      | Reached XP level 7. HP: 34/57 MP: 6/6
  2966 | D:4      | Noticed Dowan
  3243 | D:4      | Killed Dowan
  3243 | D:4      | Reached skill level 10 in Maces & Flails
  3307 | D:4      | Noticed Eustachio
  3318 | D:4      | Killed Eustachio
  3426 | D:5      | Entered Level 5 of the Dungeon
  3496 | D:5      | Reached skill level 11 in Maces & Flails
  3810 | D:5      | Reached XP level 8. HP: 63/63 MP: 7/7
  3897 | D:5      | Reached *** piety under Trog
  4116 | D:5      | Found a stormy altar of Qazlal.
  4119 | D:5      | Noticed Sigmund
  4119 | D:5      | Noticed Menkaure
  4137 | D:5      | Found a runed door.
  4141 | D:5      | Noticed Crazy Yiuf
  4144 | D:5      | Killed Crazy Yiuf
  4144 | D:5      | Reached skill level 12 in Maces & Flails
  4266 | D:5      | Killed Menkaure
  4594 | D:5      | Killed Sigmund
  4668 | D:6      | Reached skill level 5 in Fighting
  4766 | D:7      | Found Ymeydiewk's Antique Armour Shop.
  4773 | D:7      | Reached skill level 5 in Staves
  4777 | D:7      | Found Xoxorph's Assorted Antiques.
  4831 | D:7      | HP: 3/68 [poisoned by a scorpion]
  5260 | D:7      | Found Ziez's Food Emporium.
  5275 | D:7      | Reached XP level 9. HP: 73/73 MP: 8/8
  5413 | D:7      | HP: 2/74 [ice beast (12)]
  5919 | D:7      | Reached **** piety under Trog
  6462 | D:7      | Found Umpad's General Store.
  6466 | D:7      | Bought a scroll of remove curse for 42 gold pieces
  6466 | D:7      | Bought a scroll of identify for 28 gold pieces
  6466 | D:7      | Bought a potion of flight for 42 gold pieces
  6714 | D:7      | Found a basalt altar of Yredelemnul.
  7180 | D:8      | Found Ryckaic's Weapon Emporium.
  7309 | D:8      | Found Wel Walub's Assorted Antiques.
  7312 | D:8      | Found Ochiucer's Gadget Emporium.
  7360 | D:8      | Noticed an angel
  7362 | D:8      | Found a shimmering altar of Xom.
  7363 | D:8      | Found a glowing silver altar of Zin.
  7645 | D:8      | Bought a scroll labeled OSKOF PIEDIK for 29 gold pieces
  7645 | D:8      | Bought a fizzy inky potion for 26 gold pieces
  7916 | D:9      | Noticed a troll
  7920 | D:9      | Killed a troll
  8029 | D:9      | Reached skill level 10 in Staves
  8048 | D:9      | Received a gift from Trog
  8096 | D:10     | Entered Level 10 of the Dungeon
  8096 | D:10     | Noticed a troll
  8108 | D:10     | HP: 4/80 [something (7)]
  8108 | D:10     | HP: 1/80 [something (3)]
  8110 | D:9      | Slain by a troll

Skill      XL: |  1  2  3  4  5  6  7  8  9 |
---------------+----------------------------+-----
Maces & Flails | 4 5 6 8 9 11 12 | 12.0
Fighting       | 5 8 |  8.0
Staves         | 6 10 | 10.0
Armour         | |  2.4
Dodging        | |  2.1

Action                   |  1- 3 |  4- 6 |  7- 9 || total
-------------------------+-------+-------+-------++-------
Melee: Mace              |    32 |    40 |       ||    72
       Headbutt          |     6 |    12 |    53 ||    71
       Flail             |       |    45 |    76 ||   121
       Quarterstaff      |       |       |   187 ||   187
Throw: Stone             |       |     1 |    40 ||    41
Invok: Berserk           |     1 |     3 |     9 ||    13
       Burn Spellbooks   |       |       |     1 ||     1
  Use: Scroll            |       |     1 |     9 ||    10
 Stab: Paralysed         |       |       |     3 ||     3
  Eat: Chunk             |     2 |     5 |    12 ||    19
       Royal jelly       |       |     1 |       ||     1
       Bread ration      |       |       |     3 ||     3
Armor: Animal skin       |     2 |       |       ||     2
       Ring mail         |     2 |    19 |       ||    21
       Chain mail        |       |    11 |   137 ||   148
       Scale mail        |       |     2 |       ||     2
Dodge: Dodged            |    42 |    40 |   102 ||   184
